 Dungeon Crawl Stone Soup version 0.31.0-11-ge490571c62 (webtiles) character file.

Game seed: 1133615891506564705

291 hikkokomori the Trooper (level 6, 0/50 (52) HPs)
             Began as a Formicid Wanderer on Feb 3, 2024.
             Slain by an orc wizard
             ... wielding a +6 dagger
              (6 damage)
             ... on level 4 of the Dungeon.
             The game lasted 00:05:46 (2491 turns).

hikkokomori the Trooper (Formicid Wanderer)         Turns: 2491, Time: 00:05:47

HP:   0/50 (52)     AC:  3    Str: 16    XL:     6   Next: 59%
MP:   6/6           EV: 12    Int:  8    God:
Gold: 164           SH:  0    Dex: 19    Spells: 5/5 levels left

rFire   . . .        a - +3 short sword
rCold   . . .        (no shield)
rNeg    . . .        d - +0 leather armour
rPois   .            (helmet unavailable)
rElec   .            (no cloak)
rCorr   .            (no gloves)
SInv    +            (no boots)
Will    +....        (no amulet)
Stlth   +++          (no ring)
HPRegen 0.28/turn    (no ring)
MPRegen 0.10/turn

%: no passive effects
@: enlightened, flying (expiring), lightly drained
A: permanent stasis, dig shafts and tunnels, antennae 3, four strong arms
a: Dig, Shaft Self


You were on level 4 of the Dungeon.
You visited 1 branch of the dungeon, and saw 4 of its levels.

You collected 164 gold pieces.

Inventory:

Hand Weapons
 a - a +3 short sword (weapon)
 k - a +0 sling
 n - a +0 long sword
Armour
 d - a +0 leather armour (worn)
 h - an orb of light
Jewellery
 p - a ring of positive energy
Scrolls
 b - a scroll of silence
 c - 3 scrolls of fear
 i - a scroll of blinking {unknown}
 m - 3 scrolls of teleportation
 o - a scroll of enchant armour {unknown}
 r - a scroll of poison
Potions
 e - a potion of magic {unknown}
 f - a potion of heal wounds
 g - a potion of curing {unknown}
 l - a potion of enlightenment
 q - 2 potions of attraction {unknown}


   Skills:
 - Level 5.8 Fighting
 - Level 5.1(5.5) Short Blades
 + Level 2.7(4.3) Long Blades
 + Level 2.5 Dodging
 + Level 4.5 Stealth


You had 5 spell levels left.
You didn't know any spells.
Your spell library contained the following spells:

 Spells                   Type           Power      Damage    Failure   Level
 Call Imp                 Summ           0%         N/A       63%         2
 Mercury Vapours          Alch/Air       0%         N/A       63%         2
 Sublimation of Blood     Necr           0%         N/A       63%         2
 Mephitic Cloud           Conj/Alch/Air  0%         N/A       85%         3
 Freezing Cloud           Conj/Ice/Air   0%         6-21      100%        5
 Summon Hydra             Summ           0%         N/A       100%        7


Dungeon Overview and Level Annotations

Branches:
Dungeon (4/15)
 Temple: D:4-7

Altars:
Hepliaklqana
Makhleb

Shops:
D:3 *


Innate Abilities, Weirdness & Mutations

You cannot be hasted, slowed, berserked, paralysed or teleported.
You can dig through walls and to a lower floor.
You have a pair of large antennae on your head. (SInv)
Your four strong arms can wield two-handed weapons with a shield.


Message History

You throw a curare-tipped dart. The curare-tipped dart hits the orc.
The orc is poisoned.
The orc struggles to breathe.
The orc seems to slow down.
The orc is severely wounded.
Unknown command.
Unknown command.
Throw: dart (curare)
Press: ? - help, Shift-Dir - straight line, f/p - orc
Aim: an orc, wielding a +0 hand axe and wearing a +0 leather armour (severely wounded, very poisoned, slow, 60% to hit)
You throw a curare-tipped dart.
The curare-tipped dart closely misses the orc wizard.
The curare-tipped dart hits the orc.
The orc looks as sick as possible!
The orc struggles to breathe.
You kill the orc!
Unknown command.
Unknown command.
The orc wizard closely misses you.
Items here: )) ? [ †.
You hit the orc wizard.
The orc wizard is moderately wounded.
You are starting to lose your buoyancy.
The orc wizard hits you with a +6 dagger.
* * * LOW HITPOINT WARNING * * *
Unknown command.
You hit the orc wizard.
The orc wizard is heavily wounded.
The orc wizard closely misses you.
Unknown command.
You hit the orc wizard.
The orc wizard is almost dead.
Unknown command.
You closely miss the orc wizard.
The orc wizard is almost dead.
The orc wizard hits you with a +6 dagger.
* * * LOW HITPOINT WARNING * * *
Unknown command.
You closely miss the orc wizard.
The orc wizard is almost dead.
The orc wizard hits you with a +6 dagger.
You die...

### ..# #.# #.#
#.# #.# #.#
##### #@###...##
##o##.....##
,##fS........##
#.#............#
#..............#
###............#
##..........##
.........†..##
######.#...##


You could see a sleepcap, an orc wizard (invisible) and a ball python.

Vanquished Creatures
  A water moccasin (D:3)
  A scorpion (D:3)
  An orc wizard (D:4)
  Robin (D:2)
  An adder (D:2)
  3 dart slugs (D:1)
  A ribbon worm (D:3)
  10 orcs
  4 ball pythons
  4 bats
  2 endoplasms
  2 giant cockroaches (D:2)
  14 goblins
  9 hobgoblins
  2 kobolds
  A quokka (D:1)
  3 frilled lizards
  4 rats
64 creatures vanquished.

Notes
Turn   | Place    | Note
-------+----------+-------------------------------------------
     0 | D:1      | hikkokomori the Formicid Wanderer began the quest for the
                  | Orb.
     0 | D:1      | hikkokomori set off with the following items: a +3 short
                  | sword, a scroll of silence, a scroll of fear, a +0 leather
                  | armour.
     0 | D:1      | Reached XP level 1. HP: 21/21 MP: 1/1
    80 | D:1      | Reached XP level 2. HP: 25/28 MP: 2/2
   141 | D:1      | Reached skill level 1 in Stealth
   353 | D:1      | Reached XP level 3. HP: 29/34 MP: 3/3
   897 | D:2      | Noticed Robin
   923 | D:2      | Killed Robin
   924 | D:2      | Reached skill level 1 in Dodging
   924 | D:2      | Reached XP level 4. HP: 36/40 MP: 4/4
  1302 | D:2      | Reached skill level 1 in Long Blades
  1634 | D:3      | Noticed a water moccasin
  1647 | D:3      | Killed a water moccasin
  1648 | D:3      | Reached XP level 5. HP: 20/46 MP: 5/5
  1748 | D:3      | Reached XP level 6. HP: 38/52 MP: 6/6
  1967 | D:3      | Found a hazy altar of Hepliaklqana.
  1985 | D:3      | Found a faded altar of an unknown god.
  2181 | D:3      | Found a burning altar of Makhleb.
  2220 | D:3      | Found Lyocyzih's General Store.
  2491 | D:4      | Slain by an orc wizard

Illustrated notes

Levels and vault maps discovered:
D:1:      minmay_arrival_hallway, layout_basic
D:2:      layout_loops_cross, minmay_split_cup_large, uniq_robin
D:3:      layout_basic, mainiacjoe_overflow_alcove_1,
          mainiacjoe_overflow_small_starburst, serial_shops,
          nicolae_shop_real_fake_doors, nicolae_ecumenical_oubliette,
          grunt_decor_resistance, hangedman_decor_push,
          nicolae_concentric_dashed_squares_wild
D:4:      layout_loops_ring, minmay_temple_entry_tees, minmay_manual_mail

Skill      XL: |  1  2  3  4  5 |
---------------+----------------+-----
Stealth        | 1 2 3 4 |  4.5
Dodging        | 1 2 |  2.5
Long Blades    | 2 |  2.7
Fighting       | |  5.8
Short Blades   | |  5.1

Action                     |  1- 3 |  4- 6 || total
---------------------------+-------+-------++-------
  Melee: Short sword       |    68 |   109 ||   177
         Punch             |       |     2 ||     2
         Long sword        |       |    14 ||    14
   Fire: Sling             |       |     1 ||     1
  Throw: Dart              |       |     2 ||     2
Ability: Dig               |       |     3 ||     3
    Use: Scroll            |       |     4 ||     4
         Potion            |       |     3 ||     3
   Stab: Sleeping          |     2 |     5 ||     7
         Distracted        |       |     1 ||     1
 Armour: Leather armour    |    35 |    64 ||    99
  Dodge: Dodged            |    33 |    53 ||    86
